 Dungeon Crawl Stone Soup version 0.23.1-37-gaa34b87 (webtiles) character file.

Game seed: 7250728857663508222

215 eccles the Chopper (level 5, 0/47 HPs)
             Began as a Minotaur Berserker on Mar 22, 2019.
             Was a Believer of Trog.
             Succumbed to an adder's poison
             ... while paralysed
             ... on level 3 of the Dungeon.
             The game lasted 00:11:18 (2079 turns).

eccles the Chopper (Minotaur Berserker)             Turns: 2079, Time: 00:11:19

Health: 0/47       AC:  3    Str: 21    XL:     5   Next: 60%
Magic:  4/4        EV:  2    Int:  4    God:    Trog [**....]
Gold:   172        SH:  0    Dex: 11    Spells: 4/4 levels left

rFire    . . .     SeeInvis .   u - +1 hand axe (chop)
rCold    . . .     Gourm    .   (no shield)
rNeg     . . .     Faith    .   l - +0 leather armour {MR+}
rPois    .         Spirit   .   (helmet restricted)
rElec    .         Reflect  .   (no cloak)
rCorr    .         Harm     .   (no gloves)
MR       +....                  (no boots)
Stlth    +.........             (no amulet)
HPRegen  0.15/turn              (no ring)
MPRegen  0.09/turn              (no ring)

@: paralysed, lethally poisoned (0 -> -4), berserk cooldown, slowed
A: retaliatory headbutt, horns 2
a: Berserk, Trog's Hand, Renounce Religion


You were on level 3 of the Dungeon.
You worshipped Trog.
Trog was pleased with you.
You were hungry.

You visited 1 branch of the dungeon, and saw 4 of its levels.

You collected 172 gold pieces.

Inventory:

Hand Weapons
 a - a +0 hand axe
 u - a +1 hand axe of chopping (weapon)
Armour
 b - a +0 animal skin
 l - a +0 leather armour of magic resistance (worn)
Scrolls
 e - a scroll of teleportation {unknown}
 j - a scroll of blinking {unknown}
 o - a scroll of fear {unknown}
 p - 2 scrolls of identify {unknown}
 s - 2 scrolls of remove curse {unknown}
Potions
 d - a potion of brilliance {unknown}
 g - a potion of haste {unknown}
 h - 3 potions of degeneration {unknown}
 i - a potion of ambrosia {unknown}
 k - a potion of might {unknown}
 m - 2 potions of curing {unknown}
 n - a potion of lignification {unknown}
 q - 2 potions of magic {unknown}
 r - 2 potions of cancellation {unknown}
 t - a potion of heal wounds {unknown}
Comestibles
 c - 4 rations


   Skills:
 * Level 4.7 Fighting
 * Level 6.1 Axes
 + Level 3.0 Armour
 + Level 3.2 Dodging
 + Level 0.5 Stealth


You had 4 spell levels left.
You didn't know any spells.
Your spell library was empty.

Dungeon Overview and Level Annotations

Branches:
Dungeon (4/15)
 Temple: D:4-7

Altars:

Annotations:
D:4 Menkaure


Innate Abilities, Weirdness & Mutations

You reflexively headbutt those who attack you in melee.
You have a pair of horns on your head.


Message History

You barely miss the adder.
The adder is moderately wounded.
You feel sick. The adder bites you.
* * * LOW HITPOINT WARNING * * *
You slash the adder!
You kill the adder!
Trog accepts your kill.
* * * LOW HITPOINT WARNING * * *
You feel sick.
You climb upwards.
You feel a strong urge to attack something.
There is a stone staircase leading down here.
You are no longer berserk.
You pass out from exhaustion.
You feel yourself slow down.
* * * LOW HITPOINT WARNING * * *
You feel sick.
* * * LOW HITPOINT WARNING * * *
You feel sick.
You die...

#.# #.# .# #.# #.##.# #(#
#..#.#### ####### #.#
#.......# #.....### #.#
#....##.#####........ #.#
#.#.........#.....### #.#
#.#...###.#.#.....# #.#
#.#...# #.#.###.###
#.#######.#<@.###.#.###.#
#...(...#(..>.....#...(.#
#######.##...####.#######
#....#.##...# ###
###.##.#......#
#...##.#.....##
####.####.#.....# ......#
#<#.....# .....(#
###.#####


There were no monsters in sight!

Vanquished Creatures
  An ogre (D:4)
  An orc wizard (D:3)
  5 adders
  4 worms
  A dart slug (D:1)
  4 leopard geckos
  8 orcs (D:3)
  2 ball pythons
  9 bats
  6 giant cockroaches
  4 goblins
  5 hobgoblins
  4 frilled lizards
  3 kobolds
  8 rats
65 creatures vanquished.

Notes
Turn   | Place    | Note
-------+----------+-------------------------------------------
     0 | D:1      | eccles the Minotaur Berserker began the quest for the Orb.
     0 | D:1      | Reached XP level 1. HP: 19/19 MP: 0/0
   125 | D:1      | Reached XP level 2. HP: 21/26 MP: 1/1
   128 | D:1      | Reached skill level 4 in Axes
   557 | D:1      | Reached XP level 3. HP: 31/33 MP: 2/2
   702 | D:1      | Reached ** piety under Trog
   990 | D:2      | Reached skill level 5 in Axes
   990 | D:2      | Reached XP level 4. HP: 32/40 MP: 3/3
  1791 | D:3      | Reached XP level 5. HP: 17/47 MP: 4/4
  2063 | D:4      | Noticed Menkaure
  2063 | D:4      | Noticed an ogre
  2069 | D:4      | Killed an ogre
  2069 | D:4      | Reached skill level 6 in Axes
  2075 | D:3      | HP: 2/47 [poisoned by an adder]
  2079 | D:3      | Succumbed to an adder's poison

Skill      XL: |  1  2  3  4  5 |
---------------+----------------+-----
Axes           | 4 5 6 |  6.1
Fighting       | 4 |  4.7
Dodging        | 3 |  3.2
Armour         | 3 |  3.0
Stealth        | |  0.5

Action                   |  1- 3 |  4- 6 || total
-------------------------+-------+-------++-------
Melee: Hand axe          |    88 |    57 ||   145
       Headbutt          |     7 |    15 ||    22
Invok: Berserk           |       |     1 ||     1
 Stab: Sleeping          |     2 |       ||     2
  Eat: Chunk             |       |     4 ||     4
Armor: Animal skin       |    20 |       ||    20
       Leather armour    |     6 |     9 ||    15
Dodge: Dodged            |    59 |    28 ||    87
